 Dungeon Crawl Stone Soup version 0.29.0-4-gdea44cf6ec (webtiles) character file.

Game seed: 8172250943090684929

558 qw the Chopper (level 7, -5/41 HPs)
             Began as a Tengu Warper on Aug 29, 2022.
             Slain by an ogre
             ... wielding a +0 giant club
              (12 damage)
             ... on level 5 of the Dungeon.
             The game lasted 00:01:46 (5177 turns).

qw the Chopper (Tengu Warper)                       Turns: 5177, Time: 00:01:46

Health: -5/41      AC: 13    Str: 13    XL:     7   Next: 31%
Magic:  11/11      EV:  5    Int: 14    God:
Gold:   194        SH:  0    Dex: 13    Spells: 10/10 levels left

rFire   . . .      SeeInvis .   Y - +0 war axe
rCold   . . .      Faith    .   (no shield)
rNeg    . . .      Spirit   .   f - +0 plate armour
rPois   .          Reflect  .   (helmet restricted)
rElec   .          Harm     .   (no cloak)
rCorr   +          Rampage  .   e - +1 pair of gloves
Will    .....                   (boots unavailable)
Stlth   ..........              (no amulet)
HPRegen 0.13/turn               a - ring of resist corrosion
MPRegen 0.12/turn               (no ring)

@: flying quickly and evasively, quick
A: beak, talons 3, nimble flight
a: no special abilities


You were on level 5 of the Dungeon.
You visited 1 branch of the dungeon, and saw 5 of its levels.

You collected 194 gold pieces.


Innate Abilities, Weirdness & Mutations

You have a beak for a mouth.
You have claws for feet.
Your magical nature lets you fly swiftly and evasively.


   Skills:
 - Level 3.1 Fighting
 + Level 7.0 Axes
 - Level 1.0 Throwing
 - Level 3.9 Armour
 - Level 2.1 Dodging
 - Level 2.0 Spellcasting
 - Level 2.4 Translocations


You had 10 spell levels left.
You didn't know any spells.
Your spell library contained the following spells:

 Spells                   Type           Power      Damage    Failure   Level
 Blink                    Tloc           16%        N/A       100%        2
 Gell's Gravitas          Tloc           8%         N/A       100%        3
 Lesser Beckoning         Tloc           8%         N/A       100%        3
 Teleport Other           Tloc           8%         N/A       100%        3
 Manifold Assault         Tloc           8%         N/A       100%        5

Inventory:

Hand Weapons
 b - the +7 hand axe of Contention {holy, rF+ Str+2}
   (You found it on level 2 of the Dungeon)

   It has been blessed by the Shining One to cause great damage to the undead
   and demons.
   Str:       It affects your strength (+2).
   rF:        It protects you from fire.
 c - a +0 flail
 Y - a +0 war axe (weapon)
Missiles
 k - 3 boomerangs (quivered)
Armour
 e - a +1 pair of gloves (worn)
 f - a +0 plate armour (worn)
Jewellery
 a - a ring of resist corrosion (left hand)
 g - a ring of ice
Scrolls
 l - a scroll of identify
 m - a scroll of amnesia {unknown}
Potions
 d - a potion of haste
 h - a potion of flight {unknown}
 i - a potion of curing {unknown}
 j - a potion of mutation {unknown}

Dungeon Overview and Level Annotations

Branches:
Dungeon (5/15)
 Temple: D:4-7

Altars:
Ashenzari
Elyvilon
Fedhas
Hepliaklqana
Makhleb
Qazlal
Ru
Trog
Vehumet
Zin

Shops:
D:4 =

Annotations:
D:2 1 runed translucent door, Crazy Yiuf
D:5 Menkaure


Message History

The orc hits you with a +0 hand axe.
You hit the adder.
You kill the adder!
You slash the orc!
You kill the orc!
You barely miss the orc.
You feel sick. The orc hits you with a +0 hand axe.
A magic dart appears from out of thin air!
The magic dart hits you but does no damage.
You barely miss the ogre. You claw the ogre. You peck the ogre.
The ogre is moderately wounded.
You closely miss the orc.
You feel sick.
You are no longer poisoned.
The ogre barely misses you. The orc hits you with a +0 hand axe.
You hit the ogre but do no damage. Your kick misses the ogre.
The ogre is moderately wounded.
You hit the orc but do no damage. x2
The orc barely misses you. The ogre hits you with a +0 giant club!
You barely miss the ogre. You claw the ogre.
The ogre is moderately wounded.
You hit the orc. You hit something but do no damage.
The orc hits you with a +0 dagger.
You slash the ogre! You claw the ogre.
The ogre is severely wounded.
You closely miss something. You hit the orc but do no damage.
The orc barely misses you. The ogre barely misses you.
Menkaure, Prince of Dust comes into view.
5175 ||| Stepping ~*~*~tactically~*~*~ (hiding).
Something hits you but does no damage.
You hit the orc but do no damage. Your peck misses the orc. You miss something.
Something hits you. The orc hits you but does no damage. x2
Something hits you but does no damage.
You hit the ogre. Your kick misses the ogre.
The ogre is almost dead.
You slash the orc!
You kill the orc!
You closely miss something. The ogre hits you with a +0 giant club!
You die...

.##.#.## #......## .
...>..# #.......#
..##....#### #.......#
M.........#####.......#
##.#...#.....<.......##
............[..........
##)o(......#[[[....#
##r{......#.?.....#
#@O..............#
###.#.#.#.#.....##
..................
####.......#.######
..>.....>.....?..
###.......######
#....W......#
..##.......####
...........<.#


You could see an ogre, an orc and a quokka.

Vanquished Creatures
  2 black bears (D:4)
  A phantom (D:5)
  Blork the orc (D:4)
  2 hounds
  An orc priest (D:5)
  An iguana (D:2)
  An orc wizard (D:5)
  An adder (D:5)
  A white imp (D:5)
  2 worms
  3 dart slugs
  6 orcs (D:5)
  7 bats
  7 endoplasms
  6 giant cockroaches
  3 goblins
  4 hobgoblins
  8 jackals
  7 kobolds
  3 quokkas
  5 ball pythons
  3 frilled lizards
  3 rats
78 creatures vanquished.

Notes
Turn   | Place    | Note
-------+----------+-------------------------------------------
     0 | D:1      | qw the Tengu Warper began the quest for the Orb.
     0 | D:1      | Reached XP level 1. HP: 12/12 MP: 4/4
     0 | D:1      | 0 ||| qw: Version: 0.1-a-89-g26bdef1
     0 | D:1      | 0 ||| qw: Game counter: 3497
     0 | D:1      | 0 ||| qw: Always use a shield: true
     0 | D:1      | 0 ||| qw: God list: Okawaru
     0 | D:1      | 0 ||| qw: Allow faded altars: false
     0 | D:1      | 0 ||| qw: Do Orc after D:15 true
     0 | D:1      | 0 ||| qw: Do second Lair branch before Depths: true
     0 | D:1      | 0 ||| qw: Lair rune preference: random
     0 | D:1      | 0 ||| qw: Plans: Normal
     0 | D:1      | 0 ||| PLANNING D:1-11
    37 | D:1      | 37 ||| Stepping ~*~*~tactically~*~*~ (hiding).
   186 | D:1      | Reached skill level 3 in Axes
   186 | D:1      | Reached XP level 2. HP: 17/17 MP: 6/6
   283 | D:1      | Found a faded altar of an unknown god.
  1062 | D:1      | 1062 ||| UPGRADING to +1 pair of gloves.
  1067 | D:1      | 1067 ||| UPGRADING to +0 plate armour.
  1077 | D:1      | 1077 ||| DROPPING +0 leather armour.
  1078 | D:1      | 1078 ||| READING 2 scrolls labelled JOADWU RAP LAF.
  1079 | D:1      | 1079 ||| READING scroll labelled PYSOTY QEOME.
  1080 | D:1      | 1080 ||| READING scroll labelled UMMOFRUCULL.
  1084 | D:1      | 1084 ||| READING scroll labelled DEOV SUVVUE.
  1085 | D:1      | 1085 ||| DRINKING 2 bubbling emerald potions.
  1186 | D:1      | 1186 ||| DROPPING scroll of butterflies.
  1187 | D:1      | 1187 ||| DROPPING scroll of blinking.
  1188 | D:1      | 1188 ||| DROPPING potion of ambrosia.
  1222 | D:2      | 1222 ||| STAIRDANCE
  1319 | D:2      | Identified the +7 hand axe of Contention {holy, rF+ Str+2}
  1321 | D:2      | 1321 ||| SWAPPING to +7 hand axe of Contention {holy, rF+
                  | Str+2}.
  1322 | D:2      | 1322 ||| DROPPING +1 hand axe.
  1395 | D:2      | Identified the +4 quarterstaff of the Living Dead {drain,
                  | Int-3 Dex+3}
  1410 | D:2      | Reached XP level 3. HP: 13/21 MP: 7/7
  1636 | D:2      | Reached skill level 4 in Axes
  1763 | D:2      | 1763 ||| Stepping ~*~*~tactically~*~*~ (stealth).
  1769 | D:2      | Reached XP level 4. HP: 26/26 MP: 8/8
  2030 | D:2      | Found a runed translucent door.
  2031 | D:2      | Noticed Crazy Yiuf
  2195 | D:2      | 2195 ||| DROPPING scarf of shadows.
  2196 | D:2      | 2196 ||| UPGRADING to ring of resist corrosion.
  2197 | D:2      | 2197 ||| READING 3 scrolls labelled USSUDO KIEPNUNT.
  2198 | D:2      | 2198 ||| READING scroll labelled TUOTEOQO JINT.
  2199 | D:2      | 2199 ||| READING 2 scrolls of identify.
  2199 | D:2      | 2199 ||| IDENTIFYING murky coppery potion
  2200 | D:2      | 2200 ||| DROPPING potion of brilliance.
  2316 | D:3      | Found a sacrificial altar of Ru.
  2369 | D:3      | 2369 ||| Stepping ~*~*~tactically~*~*~ (stealth).
  2374 | D:3      | 2374 ||| Stepping ~*~*~tactically~*~*~ (stealth).
  2564 | D:3      | Found a burning altar of Makhleb.
  2565 | D:3      | Found a hazy altar of Hepliaklqana.
  2570 | D:3      | Found a white marble altar of Elyvilon.
  2573 | D:3      | Found a glowing silver altar of Zin.
  2573 | D:3      | Found a bloodstained altar of Trog.
  2579 | D:3      | Found a radiant altar of Vehumet.
  2582 | D:3      | Found a broken altar of Ashenzari.
  2678 | D:3      | 2678 ||| Stepping ~*~*~tactically~*~*~ (stealth).
  2699 | D:3      | 2699 ||| FLEEEEING.
  2700 | D:3      | 2700 ||| FLEEEEING.
  2701 | D:3      | 2701 ||| FLEEEEING.
  2702 | D:3      | 2702 ||| FLEEEEING.
  2703 | D:3      | 2703 ||| FLEEEEING.
  2704 | D:3      | 2704 ||| FLEEEEING.
  2705 | D:3      | 2705 ||| FLEEEEING.
  2706 | D:3      | 2706 ||| FLEEEEING.
  2707 | D:3      | 2707 ||| FLEEEEING.
  2708 | D:3      | 2708 ||| FLEEEEING.
  2709 | D:3      | 2709 ||| FLEEEEING.
  2710 | D:3      | 2710 ||| FLEEEEING.
  2711 | D:3      | 2711 ||| FLEEEEING.
  2712 | D:3      | 2712 ||| FLEEEEING.
  2713 | D:3      | 2713 ||| FLEEEEING.
  2714 | D:3      | 2714 ||| FLEEEEING.
  2715 | D:3      | 2715 ||| FLEEEEING.
  2716 | D:3      | 2716 ||| FLEEEEING.
  2717 | D:3      | 2717 ||| FLEEEEING.
  2718 | D:3      | 2718 ||| FLEEEEING.
  2719 | D:3      | 2719 ||| FLEEEEING.
  2720 | D:3      | 2720 ||| FLEEEEING.
  2721 | D:3      | 2721 ||| FLEEEEING.
  2722 | D:3      | 2722 ||| FLEEEEING.
  2723 | D:3      | 2723 ||| FLEEEEING.
  2724 | D:3      | 2724 ||| FLEEEEING.
  2725 | D:3      | 2725 ||| FLEEEEING.
  2726 | D:3      | 2726 ||| FLEEEEING.
  2864 | D:3      | Found a blossoming altar of Fedhas.
  3007 | D:3      | 3007 ||| READING scroll labelled ZIMIKL PIYPU.
  3008 | D:3      | 3008 ||| READING scroll labelled HIACKO XATHRIR.
  3035 | D:4      | Reached skill level 5 in Axes
  3035 | D:4      | Gained mutation: Your magical nature lets you fly swiftly
                  | and evasively. [Tengu growth]
  3035 | D:4      | Reached XP level 5. HP: 25/30 MP: 9/9
  3035 | D:4      | 3035 ||| STAIRDANCE
  3135 | D:4      | Found a stormy altar of Qazlal.
  3152 | D:4      | 3152 ||| DROPPING +0 whip.
  3199 | D:4      | Found Osyecaoff's Jewellery Shop.
  3367 | D:4      | 3367 ||| Stepping ~*~*~tactically~*~*~ (stealth).
  3374 | D:4      | 3374 ||| Stepping ~*~*~tactically~*~*~ (hiding).
  3407 | D:4      | Noticed a black bear
  3416 | D:4      | Killed a black bear
  3417 | D:4      | Reached skill level 6 in Axes
  3417 | D:4      | Reached XP level 6. HP: 11/35 MP: 10/10
  3712 | D:4      | Noticed a black bear
  3718 | D:4      | Killed a black bear
  3719 | D:4      | Reached skill level 3 in Armour
  3789 | D:4      | Noticed Blork the orc
  3801 | D:4      | Killed Blork the orc
  4264 | D:4      | 4264 ||| Stepping ~*~*~tactically~*~*~ (stealth).
  4265 | D:4      | 4265 ||| Stepping ~*~*~tactically~*~*~ (stealth).
  4287 | D:4      | 4287 ||| Stepping ~*~*~tactically~*~*~ (stealth).
  4631 | D:4      | 4631 ||| DRINKING 2 emerald potions.
  4736 | D:4      | 4736 ||| DROPPING potion of berserk rage.
  4788 | D:4      | 4788 ||| Stepping randomly (stuck).
  4884 | D:4      | 4884 ||| Stepping randomly (stuck).
  4931 | D:5      | Entered Level 5 of the Dungeon
  5018 | D:5      | Reached skill level 7 in Axes
  5018 | D:5      | Reached XP level 7. HP: 32/40 MP: 11/11
  5076 | D:5      | 5076 ||| FLEEEEING.
  5078 | D:5      | 5078 ||| SWAPPING to +0 war axe.
  5081 | D:5      | 5081 ||| STAIRDANCE
  5138 | D:4      | 5138 ||| READING scroll labelled CIBRIOH TEDD.
  5139 | D:4      | 5139 ||| READING 2 scrolls of identify.
  5139 | D:4      | 5139 ||| IDENTIFYING clear potion
  5154 | D:5      | Reached skill level 3 in Fighting
  5160 | D:5      | 5160 ||| Stepping ~*~*~tactically~*~*~ (hiding).
  5161 | D:5      | 5161 ||| Stepping ~*~*~tactically~*~*~ (hiding).
  5172 | D:5      | HP: 9/41 [ogre/+0 giant club (8)]
  5174 | D:5      | Noticed Menkaure
  5175 | D:5      | 5175 ||| Stepping ~*~*~tactically~*~*~ (hiding).
  5177 | D:5      | Slain by an ogre

Levels and vault maps discovered:
D:1:      zelgadis_glass_arrival_small, layout_basic,
          shapermc_ecumenical_altar_gd
D:2:      layout_rooms, minmay_increasing_density, uniq_crazy_yiuf_cottage
D:3:      layout_basic, nicolae_overflow_hallway_of_the_gods, fedhas_altar_4,
          mainiacjoe_overflow_boulevard
D:4:      layout_layer_cave, nicolae_overflow_hidden_temple,
          nicolae_take_the_stairs, uniq_blork_the_orc
D:5:      layout_rooms, st_stairs_4, chequers_serial_rivers_large_a,
          uniq_duvessa, uniq_menkaure

Skill      XL: |  1  2  3  4  5  6  7 |
---------------+----------------------+-----
Axes           | 3 4 5 6 7 |  7.0
Armour         | 2 3 |  3.9
Fighting       | 3 |  3.1
Throwing       | |  1.0
Dodging        | |  2.1
Spellcasting   | |  2.0
Translocations | |  2.4

Action                   |  1- 3 |  4- 6 |  7- 9 || total
-------------------------+-------+-------+-------++-------
Melee: Hand axe          |    63 |    59 |     9 ||   131
       Peck              |     5 |    11 |     6 ||    22
       Kick              |    10 |    13 |     8 ||    31
       War axe           |       |       |    19 ||    19
Throw: Boomerang         |     7 |    38 |     4 ||    49
  Use: Scroll            |     4 |     5 |     2 ||    11
       Potion            |     1 |     1 |       ||     2
Armor: Leather armour    |     6 |       |       ||     6
       Plate armour      |    23 |    27 |    20 ||    70
Dodge: Dodged            |    13 |    11 |     8 ||    32

Table legend:
 A = Non-vault XP
 B = Vault XP
 C = Vault XP percentage of total XP
 D = Non-vault monster count
 E = Vault monster count
 F = Vault count percentage of total count
                 A         B        C        D         E       F
            +---------+---------+-------+---------+---------+-------
      Total |     596 |     205 |  25.6 |      65 |      13 |  16.7
            +---------+---------+-------+---------+---------+-------
        D:1 |      22 |       0 |   0.0 |      12 |       0 |   0.0
        D:2 |      24 |      95 |  79.8 |      12 |      10 |  45.5
        D:3 |      20 |       0 |   0.0 |      14 |       0 |   0.0
        D:4 |     320 |      94 |  22.7 |      17 |       1 |   5.6
        D:5 |     210 |      16 |   7.1 |      10 |       2 |  16.7
            +---------+---------+-------+---------+---------+-------
